 Dungeon Crawl Stone Soup version 0.24.0-1-gfbc8707 (webtiles) character file.

Game seed: 13001776036776676808, levelgen mode: deterministic

579 Fang the Skirmisher (level 7, -11/66 HPs)
             Began as a Gargoyle Berserker on Nov 6, 2019.
             Was a Priest of Trog.
             Mangled by an orc warrior
             ... wielding a +0 trident
              (17 damage)
             ... on level 5 of the Dungeon.
             The game lasted 00:04:45 (2830 turns).

Fang the Skirmisher (Gargoyle Berserker)            Turns: 2830, Time: 00:04:45

Health: -11/66     AC: 14    Str: 28    XL:     7   Next: 36%
Magic:  7/7        EV: 10    Int:  4    God:    Trog [***...]
Gold:   273        SH:  0    Dex:  9    Spells: 6/6 levels left

rFire    . . .     SeeInvis .   a - +0 war axe
rCold    . . .     Gourm    .   (no shield)
rNeg     + . .     Faith    .   b - +0 chain mail
rPois    ∞         Spirit   .   j - -1 helmet (curse)
rElec    +         Reflect  .   (no cloak)
rCorr    .         Harm     .   (no gloves)
MR       .....                  (no boots)
Stlth    ..........             (no amulet)
HPRegen  0.21/turn              h - ring of flight
MPRegen  0.10/turn              f - -3 ring of intelligence (curse)

@: berserking (expiring), very quick
A: negative energy resistance 1, electricity resistance, unbreathing,
petrification resistance, rot immunity, AC +4
a: Berserk, Trog's Hand, Renounce Religion, Evoke Flight


You were on level 5 of the Dungeon.
You worshipped Trog.
Trog was most pleased with you.
You were hungry.

You visited 1 branch of the dungeon, and saw 5 of its levels.

You collected 273 gold pieces.

Inventory:

Hand Weapons
 a - a +0 war axe (weapon)
Armour
 b - a +0 chain mail (worn)
 j - a cursed -1 helmet (worn)
Jewellery
 f - a cursed -3 ring of intelligence (right hand)
 h - a ring of flight (left hand)
 n - a +3 ring of dexterity
Scrolls
 d - a scroll of magic mapping {unknown}
 k - a scroll of immolation {unknown}
 l - a scroll of blinking {unknown}
 m - a scroll of remove curse {unknown}
 p - 2 scrolls of identify {unknown}
Potions
 e - 4 potions of curing {unknown}
 g - a potion of brilliance {unknown}
 i - a potion of agility
 o - a potion of cancellation {unknown}
 q - a potion of flight {unknown}
 r - a potion of heal wounds {unknown}
Comestibles
 c - 8 rations
 s - 2 chunks of flesh


   Skills:
 * Level 5.5 Fighting
 * Level 4.6 Axes
 + Level 4.4 Armour
 + Level 3.2 Dodging


You had 6 spell levels left.
You didn't know any spells.
Your spell library was empty.

Dungeon Overview and Level Annotations

Branches:
Dungeon (5/15)
 Temple: D:4-7

Altars:


Innate Abilities, Weirdness & Mutations

You are resistant to torment.
Your stone body is resilient. (AC +4)
You are immune to poison.
You resist negative energy. (rN+)
You are resistant to electric shocks. (rElec)
You can survive without breathing.
You are immune to petrification.
You are immune to rotting.


Message History

You hit the orc priest.
You kill the orc priest!
Trog accepts your kill.
You closely miss the orc priest.
The orc priest hits you but does no damage.
The orc warrior closely misses you.
You closely miss the orc warrior.
The orc warrior is heavily wounded.
You closely miss the orc priest. You barely miss the orc warrior.
The orc warrior is heavily wounded.
You slash the orc priest!
You kill the orc priest!
Trog accepts your kill.
The orc warrior hits you with a +0 trident!!
* * * LOW HITPOINT WARNING * * *
You barely miss the orc warrior.
The orc warrior is heavily wounded.
The orc warrior hits you with a +0 trident!
You die...

##..........÷......
##....#...#.......
####.###....(.... #.#
##........ #.#
##....... ##########.#
#....... #.......##.#
#.......
#.....o)##.#####.......
#.....@)..........
#....%.)##.#####..
#.......##.#
#.......##.#
#.......##.#
#######..#.# ##.#.#
.#.#


You could see an orc warrior.

Vanquished Creatures
  3 killer bees (D:4)
  2 orc priests (D:5)
  3 orc wizards
  A bullfrog skeleton (D:4)
  Natasha (thrice) (D:3)
  4 gnolls (D:4)
  5 adders
  3 oozes
  A worm (D:2)
  4 dart slugs
  A leopard gecko (D:4)
  15 orcs
  9 bats
  2 giant cockroaches
  6 goblins
  9 hobgoblins
  7 jackals
  9 kobolds
  A quokka (D:2)
  A ball python (D:1)
  3 frilled lizards
  6 rats
98 creatures vanquished.

Notes
Turn   | Place    | Note
-------+----------+-------------------------------------------
     0 | D:1      | Fang the Gargoyle Berserker began the quest for the Orb.
     0 | D:1      | Reached XP level 1. HP: 14/14 MP: 1/1
   196 | D:1      | Reached XP level 2. HP: 16/19 MP: 2/2
   562 | D:1      | Reached XP level 3. HP: 22/23 MP: 3/3
   737 | D:1      | Reached ** piety under Trog
  1246 | D:2      | Reached XP level 4. HP: 27/29 MP: 4/4
  1265 | D:2      | Reached skill level 4 in Fighting
  1591 | D:3      | Reached XP level 5. HP: 31/33 MP: 5/5
  1625 | D:3      | Noticed Natasha
  1633 | D:3      | Killed Natasha
  1650 | D:3      | Noticed Natasha
  1669 | D:3      | Killed Natasha
  1686 | D:3      | Noticed Natasha
  1696 | D:3      | Killed Natasha
  1853 | D:3      | Reached *** piety under Trog
  1853 | D:3      | Reached XP level 6. HP: 39/39 MP: 6/6
  2097 | D:4      | Reached skill level 5 in Fighting
  2299 | D:4      | Reached XP level 7. HP: 7/44 MP: 7/7
  2779 | D:5      | Entered Level 5 of the Dungeon
  2830 | D:5      | Mangled by an orc warrior

Levels and vault maps discovered:
D:1:      sevenhm_arrival_forest_fort_small_6, layout_loops_corners,
          chequers_garden, minmay_tiny_reverse_x
D:2:      layout_rooms
D:3:      cheibrodos_helix_gallery, layout_rooms, uniq_natasha
D:4:      layout_cave_pools
D:5:      layout_rooms, first_ration, corexii_shack

Skill      XL: |  1  2  3  4  5  6 |
---------------+-------------------+-----
Axes           | 3 4 |  4.6
Dodging        | 2 3 |  3.2
Fighting       | 4 5 |  5.5
Armour         | 3 4 |  4.4

Action                   |  1- 3 |  4- 6 |  7- 9 || total
-------------------------+-------+-------+-------++-------
Melee: Hand axe          |   133 |   107 |       ||   240
       War axe           |       |    84 |    18 ||   102
Invok: Berserk           |       |     3 |     1 ||     4
 Stab: Sleeping          |     1 |       |       ||     1
  Eat: Chunk             |     1 |     6 |     3 ||    10
Armor: Animal skin       |    76 |       |       ||    76
       Chain mail        |     6 |   192 |    17 ||   215
Dodge: Dodged            |   126 |   133 |    21 ||   280
